 Dungeon Crawl Stone Soup version 0.30.1-10-g1249ef9ec4 (webtiles) character file.

Game seed: 7416056006602115969

16789 Cheops the Frost Mage (level 12, -18/100 HPs)
             Began as an Ogre Ice Elementalist on Oct 26, 2023.
             Was a Believer of Qazlal.
             Demolished by a skeletal warrior
             ... wielding a +0 glaive
              (36 damage)
             ... on level 12 of the Dungeon.
             The game lasted 00:45:46 (20938 turns).

Cheops the Frost Mage (Ogre Ice Elementalist)      Turns: 20938, Time: 00:45:47

Health: -18/100    AC:  5    Str: 15    XL:     12   Next: 41%
Magic:  19/19      EV: 14    Int: 20    God:    Qazlal [**....]
Gold:   370        SH:  2    Dex:  9    Spells: 3/21 levels left

rFire   . . .        e - +3 giant spiked club (spect)
rCold   . . .        (shield currently unavailable)
rNeg    . . .        x - +2 robe of Boredom {Slay+4}
rPois   .            (helmet restricted)
rElec   .            o - scarf {harm}
rCorr   .            (gloves unavailable)
SInv    .            (boots unavailable)
Will    +....        (no amulet)
Stlth   +            A - +5 ring of evasion
HPRegen 0.36/turn    G - ring of wizardry
MPRegen 0.16/turn

%: harm (+30% outgoing, +20% incoming), wizardry (x1)
@: on berserk cooldown, slowed, invisible, very slow
A: large, unfitting armour, tough skin 1
a: Renounce Religion, Upheaval


You were on level 12 of the Dungeon.
You worshipped Qazlal.
Qazlal was pleased with you.
You visited 2 branches of the dungeon, and saw 13 of its levels.
You also visited: Bailey.

You collected 774 gold pieces.
You spent 404 gold pieces at shops.

Inventory:

Hand Weapons
 a - a +0 short sword
 c - a +0 dire flail
 d - a +0 giant club
 e - a +3 spectral giant spiked club (weapon)
 k - the +9 long sword of Nageara {elec, *Noise rF+ rCorr Dex+2}
   (You found it on level 2 of the Dungeon)

   Dex:       It affects your dexterity (+2).
   rF:        It protects you from fire.
   *Noise:    It may make noises in combat.
   rCorr:     It protects you from acid and corrosion.
Missiles
 t - a throwing net
Armour
 o - a scarf of harm (worn)
 x - the +2 robe of Boredom (worn) {Slay+4}
   (You acquired it on level 8 of the Dungeon)

   Slay:      It affects your accuracy & damage with ranged weapons and melee
   (+4).
 L - a +0 robe
Jewellery
 A - a +5 ring of evasion (left hand)
 G - a ring of wizardry (right hand)
 J - a ring of magical power
 N - a ring of resist corrosion
Wands
 g - a wand of digging (4)
 s - a wand of flame (48)
 I - a wand of roots (4)
Scrolls
 h - a scroll of poison {unknown}
 j - a scroll of torment {unknown}
 l - 3 scrolls of silence {unknown}
 n - 5 scrolls of magic mapping {unknown}
 q - 2 scrolls of fog
 u - 4 scrolls of amnesia
 y - a scroll of fear {unknown}
 z - 2 scrolls of vulnerability
 C - a scroll of blinking {unknown}
 D - a scroll of identify
 M - 5 scrolls of immolation
Potions
 b - 2 potions of magic
 f - 2 potions of degeneration {unknown}
 i - a potion of lignification
 m - 2 potions of might
 p - 2 potions of heal wounds
 r - 4 potions of flight
 v - 4 potions of curing
 B - 2 potions of brilliance
 E - a potion of ambrosia
 F - 2 potions of mutation
 H - 2 potions of berserk rage
 K - a potion of resistance


   Skills:
 - Level 1.3 Fighting
 - Level 2.0 Long Blades
 + Level 9.4 Maces & Flails
 - Level 1.7 Dodging
 - Level 1.4 Stealth
 - Level 5.0 Spellcasting
 - Level 4.0 Summonings
 - Level 6.0 Transmutations
 - Level 11.2 Ice Magic
 - Level 8.0 Earth Magic


You had 3 spell levels left.
You knew the following spells:

 Your Spells              Type           Power      Damage    Failure   Level
a - Freeze                Ice            100%       1d10      1%          1
b - Sandblast             Erth           74%        2d16      1%          1
r - Frozen Ramparts       Ice            98%        1d15      1%          3
A - Ozocubu's Armour      Ice            49%        N/A       1%          3
F - Ice Form              Ice/Tmut       39%        N/A       1%          4
I - Summon Ice Beast      Ice/Summ       35%        N/A       1%          4
P - Passwall              Tmut/Erth      27%        N/A       1%          2

Your spell library contained the following spells:

 Spells                   Type           Power      Damage    Failure   Level
 Summon Small Mammal      Summ           84%        N/A       1%          1
 Call Canine Familiar     Summ           21%        N/A       2%          3
 Stone Arrow              Conj/Erth      42%        3d9       2%          3
 Summon Guardian Golem    Hex/Summ       13%        N/A       6%          3
 Vhi's Electric Charge    Tloc/Air       10%        N/A       14%         3
 Volatile Blastmotes      Fire/Tloc      10%        2d10      14%         3
 Lee's Rapid Deconstruct  Erth           18%        3d11*     4%          5
 Cause Fear               Hex            2%         N/A       41%         4
 Fulminant Prism          Conj/Hex       2%         3d5       41%         4
 Iskenderun's Mystic Bla  Conj/Tloc      5%         2d3       41%         4
 Arcjolt                  Conj/Air       2%         1d12      75%         5
 Dragon Form              Tmut           14%        N/A       95%         7
 Plasma Beam              Fire/Air       2%         2x1d14    99%         6
 Dragon's Call            Summ           10%        N/A       100%        9


Dungeon Overview and Level Annotations

Branches:
Dungeon (12/15)            Temple (1/1) D:5            Lair (0/5) D:11
    Orc (0/2) D:11         Bailey (visited)

Altars:
Ashenzari
Cheibriados
Dithmenos
Elyvilon
Fedhas
Gozag
Hepliaklqana
Kikubaaqudgha
Makhleb
Nemelex Xobeh
Okawaru
Qazlal
Ru
Sif Muna
Trog
Uskayaw
Vehumet
Wu Jian
Xom
Yredelemnul
Zin
The Shining One

Shops:
D:1 !   D:5 *

Annotations:
D:8 2 transporters


Innate Abilities, Weirdness & Mutations

You are too large for most types of armour.
You have tough skin. (AC +1)


Message History

Your Maces & Flails skill increases to level 9!
You see here a +0 halberd.
You strike the helpless skeletal warrior from behind!
You hit the skeletal warrior.
The skeletal warrior is lightly damaged.
The skeletal warrior closely misses you.
You hit the skeletal warrior but do no damage.
The skeletal warrior is lightly damaged.
The skeletal warrior hits you with a +2 flail of protection!
The skeletal warrior misses you.
You hit the skeletal warrior but do no damage.
The skeletal warrior is lightly damaged.
The skeletal warrior closely misses you.
You block the skeletal warrior's attack.
You completely miss the skeletal warrior.
The skeletal warrior is lightly damaged.
The skeletal warrior hits you with a +2 flail of protection!
The skeletal warrior barely misses you.
You impale the skeletal warrior!!
The skeletal warrior is heavily damaged.
The skeletal warrior hits you with a +2 flail of protection!!
You barely miss the skeletal warrior.
The skeletal warrior is heavily damaged.
The skeletal warrior hits you with a +2 flail of protection!!
* * * LOW HITPOINT WARNING * * *
The skeletal warrior hits you from afar with a +0 glaive.
* * * LOW HITPOINT WARNING * * *
You bludgeon the skeletal warrior!!
You destroy the skeletal warrior!
Qazlal accepts your kill.
You are no longer berserk.
You are exhausted.
You feel yourself slow down.
You strike the helpless skeletal warrior from behind!
You puncture the skeletal warrior!
The skeletal warrior is lightly damaged.
The skeletal warrior hits you with a +0 glaive!!
* * * LOW HITPOINT WARNING * * *
The skeletal warrior hits you with a +0 glaive!!
You die...

################################
...........).).z@...............
.......).))#########............
...........# #............
........z..# #............
......(....# #............
.....z.....# #..^.........
...........# #............
...........# #............
...........# #............


You could see a skeletal warrior (unable to see you).

Vanquished Creatures
  3 two-headed ogres
  5 death yaks (D:11)
  3 skeletal warriors (D:12)
  2 ugly things
  2 cyclopes (D:12)
  An unseen horror (D:12)
  A gargoyle (D:9)
  A troll (D:11)
  2 hornets
  A shadow (D:11)
  2 wyverns (D:9)
  9 yaks (D:11)
  A wraith (D:9)
  A water moccasin (D:5)
  15 orc warriors
  An ice beast (D:8)
  A black bear (D:5)
  A sky beast (D:6)
  5 ogres
  9 centaurs
  2 kobold brigands
  3 bullfrogs
  2 scorpions
  Blork the orc (D:4)
  3 wights (D:10)
  25 killer bees
  8 howler monkeys
  4 orc priests
  A hound (D:5)
  3 jellies
  2 gnoll boudas
  2 iguanas
  11 orc wizards
  A sleepcap (D:5)
  18 gnolls
  7 adders
  2 shadow imps (D:5)
  2 white imps
  2 ufetubi
  A worm (D:5)
  40 orcs
  3 bats
  7 endoplasms
  3 giant cockroaches
  22 goblins
  15 hobgoblins
  5 jackals (D:1)
  4 quokkas
  6 ball pythons
  2 frilled lizards
  19 kobolds
  8 rats
300 creatures vanquished.

Vanquished Creatures (collateral kills)
  An orc warrior (Bailey)
  A gnoll (D:6)
  An orc (Bailey)
  A hobgoblin (Bailey)
  A goblin (Bailey)
5 creatures vanquished.

Grand Total: 305 creatures vanquished

Notes
Turn   | Place    | Note
-------+----------+-------------------------------------------
     0 | D:1      | Cheops the Ogre Ice Elementalist began the quest for the
                  | Orb.
     0 | D:1      | Reached XP level 1. HP: 16/16 MP: 3/3
   184 | D:1      | Reached XP level 2. HP: 24/24 MP: 0/5
   387 | D:1      | Reached skill level 4 in Ice Magic
   540 | D:1      | Found Semiyhat's Distillery.
   590 | D:1      | Reached XP level 3. HP: 31/31 MP: 5/7
   594 | D:1      | Learned a level 3 spell: Frozen Ramparts
   598 | D:1      | Learned a level 3 spell: Ozocubu's Armour
  1142 | D:2      | Identified the +9 long sword of Nageara {elec, *Noise rF+
                  | rCorr Dex+2}
  1183 | D:2      | Reached XP level 4. HP: 35/39 MP: 1/8
  1191 | D:2      | Reached skill level 5 in Ice Magic
  1754 | D:3      | Found a shadowy altar of Dithmenos.
  1901 | D:3      | Learned a level 2 spell: Passwall
  1909 | D:3      | Reached XP level 5. HP: 41/45 MP: 6/9
  2253 | D:4      | Reached skill level 1 in Transmutations
  2253 | D:4      | Reached skill level 1 in Earth Magic
  2606 | D:4      | Noticed Blork the orc
  2610 | D:4      | Killed Blork the orc
  2611 | D:4      | Reached XP level 6. HP: 53/53 MP: 4/10
  2829 | D:4      | Found a sparkling altar of Nemelex Xobeh.
  3407 | D:5      | Entered Level 5 of the Dungeon
  3410 | D:5      | Found a broken altar of Ashenzari.
  3443 | D:5      | Reached skill level 6 in Ice Magic
  3592 | D:5      | Found Hekuvviph's Assorted Antiques.
  3680 | D:5      | Reached skill level 1 in Long Blades
  3922 | D:5      | Noticed a water moccasin
  3927 | D:5      | Killed a water moccasin
  3928 | D:5      | Reached skill level 1 in Fighting
  3928 | D:5      | Reached XP level 7. HP: 50/62 MP: 4/13
  3933 | D:5      | Learned a level 4 spell: Summon Ice Beast
  4354 | D:5      | Reached XP level 8. HP: 70/70 MP: 10/14
  4661 | D:5      | Found a staircase to the Ecumenical Temple.
  4901 | Temple   | Entered the Ecumenical Temple
  5273 | D:6      | Reached skill level 5 in Spellcasting
  5453 | D:6      | Reached skill level 7 in Ice Magic
  6179 | D:5      | Bought a scroll of identify for 40 gold pieces
  6249 | D:1      | Bought a potion of heal wounds for 65 gold pieces
  6249 | D:1      | Bought a potion of haste for 130 gold pieces
  6350 | D:7      | Reached skill level 8 in Ice Magic
  6351 | D:7      | Reached XP level 9. HP: 42/76 MP: 12/16
  6460 | D:7      | Found a hazy altar of Hepliaklqana.
  6720 | D:7      | Reached skill level 9 in Ice Magic
  7217 | D:7      | Learned a level 1 spell: Sandblast
  7285 | D:8      | Found a transporter.
  7287 | D:8      | Found the +0 pair of fencer's gloves {Riposte Dex+3}
  7297 | D:8      | Identified the +1 leather armour of Dunalo {rPois Int-5
                  | SInv}
  7515 | D:8      | Found a hide-covered altar of Uskayaw.
  7523 | D:8      | Reached skill level 5 in Earth Magic
  7588 | D:8      | Found a flagged portal.
  7669 | Bailey   | Entered a bailey
  7986 | Bailey   | Reached XP level 10. HP: 84/84 MP: 14/17
  8351 | Bailey   | Noticed an orc warlord
  8474 | Bailey   | Noticed an orc knight
  8482 | Bailey   | HP: 3/84 [orc knight/+4 rapier of speed (24)]
  8827 | D:8      | Found a transporter.
  9042 | D:8      | Found an ornate altar of the Wu Jian Council.
  9042 | D:8      | Found a basalt altar of Yredelemnul.
  9111 | D:8      | Acquired the +2 robe of Boredom {Slay+4}
  9323 | D:9      | Found a stormy altar of Qazlal.
  9337 | D:9      | Became a worshipper of Qazlal Stormbringer
  9360 | D:9      | Identified the staff of earth "Koinan" {rN+ Dex+4 Stlth+}
  9552 | D:9      | Reached skill level 10 in Ice Magic
  9554 | D:9      | Noticed a two-headed ogre
  9561 | D:9      | Killed a two-headed ogre
 10126 | D:9      | Noticed a green ugly thing
 10136 | D:9      | Killed a green ugly thing
 10137 | D:9      | Reached skill level 11 in Ice Magic
 10600 | D:10     | Entered Level 10 of the Dungeon
 10623 | D:10     | Noticed a gargoyle
 10632 | D:9      | Killed a gargoyle
 10633 | D:9      | Reached XP level 11. HP: 13/91 MP: 18/18
 11073 | D:10     | Reached * piety under Qazlal
 12156 | D:10     | Learned a level 4 spell: Ice Form
 12196 | D:11     | Noticed a two-headed ogre
 12207 | D:11     | Killed a two-headed ogre
 12364 | D:11     | Noticed a death yak
 12375 | D:11     | Noticed a death yak
 12376 | D:11     | Noticed a death yak
 12603 | D:11     | Noticed a death yak
 12606 | D:11     | Noticed a death yak
 12614 | D:11     | Killed a death yak
 12621 | D:11     | Killed a death yak
 12623 | D:11     | Killed a death yak
 12624 | D:11     | Reached skill level 5 in Maces & Flails
 12624 | D:11     | Reached skill level 5 in Transmutations
 12624 | D:11     | Killed a death yak
 12630 | D:11     | Killed a death yak
 12807 | D:11     | Found a staircase to the Lair.
 12838 | D:11     | Reached ** piety under Qazlal
 12956 | D:11     | Paralysed by a hornet for 1 turns
 13086 | D:11     | Found a staircase to the Orcish Mines.
 13218 | D:11     | Reached XP level 12. HP: 53/100 MP: 16/19
 13971 | D:1      | Bought a potion of lignification for 39 gold pieces
 13973 | D:1      | Bought a potion of berserk rage for 65 gold pieces
 13973 | D:1      | Bought a potion of berserk rage for 65 gold pieces
 14363 | D:1      | Found Semiyhat's Distillery.
 15196 | D:3      | Found a shadowy altar of Dithmenos.
 15515 | D:4      | Found a sparkling altar of Nemelex Xobeh.
 16173 | D:5      | Found a broken altar of Ashenzari.
 16192 | D:5      | Found Hekuvviph's Assorted Antiques.
 16862 | D:5      | Found a staircase to the Ecumenical Temple.
 17338 | D:7      | Found a hazy altar of Hepliaklqana.
 17899 | D:8      | Found a transporter.
 18004 | D:8      | Found an ornate altar of the Wu Jian Council.
 18005 | D:8      | Found a basalt altar of Yredelemnul.
 18047 | D:8      | Found a hide-covered altar of Uskayaw.
 18154 | D:8      | Found a transporter.
 18435 | D:9      | Found a stormy altar of Qazlal.
 19807 | D:11     | Found a staircase to the Lair.
 19874 | D:11     | Found a staircase to the Orcish Mines.
 20508 | D:12     | Noticed a two-headed ogre
 20519 | D:12     | Killed a two-headed ogre
 20938 | D:12     | Demolished by a skeletal warrior

Illustrated notes

Levels and vault maps discovered:
D:1:      pf_arrival_petrified_forest, layout_rooms, serial_shops,
          nicolae_shop_industrial_runoff
D:2:      layout_basic
D:3:      layout_rooms, grunt_dithmenos_smoke
D:4:      layout_basic, kennysheep_mini, uniq_blork_the_orc
D:5:      layout_basic, mainiacjoe_overflow_concentric_impassable, temple_hall,
          serial_shops, shop_statue, kennysheep_small_square
D:6:      layout_cave_pools
D:7:      layout_layer_cave, overflow_temple_1_default
D:8:      gammafunk_cloud_chamber, layout_basic,
          mainiacjoe_overflow_divided_tiny, nicolae_uskayaw_dance_hall,
          enter_bailey_5
D:9:      layout_loops_cross, grunt_qazlal_clouds, small_chamber_with_monster
D:10:     layout_cave_pods
D:11:     layout_irregular_city, dpeg_lair_monsters,
          minmay_orc_entry_temple_small, eino_tiny_chamber
D:12:     layout_long_grid, nicolae_shop_clearance
Temple:   nicolae_temple_bog_church

Skill      XL: |  1  2  3  4  5  6  7  8  9 10 11 12 |
---------------+-------------------------------------+-----
Spellcasting   | 3 4 5 |  5.0
Ice Magic      | 4 5 6 8 9 11 | 11.2
Transmutations | 1 2 6 |  6.0
Earth Magic    | 1 2 6 8 |  8.0
Long Blades    | 2 |  2.0
Fighting       | 1 |  1.3
Summonings     | 3 4 |  4.0
Maces & Flails | 2 7 9 |  9.4
Dodging        | |  1.7
Stealth        | |  1.4

Action                     |  1- 3 |  4- 6 |  7- 9 | 10-12 || total
---------------------------+-------+-------+-------+-------++-------
  Melee: Unarmed           |     5 |       |       |       ||     5
         Short sword       |    19 |       |       |       ||    19
         Long sword        |     3 |    81 |    78 |    40 ||   202
         Giant spiked club |       |       |       |    85 ||    85
   Cast: Freeze            |    41 |    14 |     8 |    58 ||   121
         Frozen Ramparts   |     2 |    13 |    37 |    33 ||    85
         Ozocubu's Armour  |       |     1 |     2 |    16 ||    19
         Summon Ice Beast  |       |       |     2 |     5 ||     7
         Sandblast         |       |       |     1 |     6 ||     7
  Evoke: Wand              |       |     5 |       |     3 ||     8
    Use: Scroll            |       |       |     6 |    14 ||    20
         Potion            |       |       |     2 |     8 ||    10
   Stab: Sleeping          |       |     2 |       |       ||     2
         Invisible         |       |       |       |     2 ||     2
 Armour: Robe              |    21 |    20 |     7 |    55 ||   103
  Dodge: Dodged            |    31 |    58 |    59 |   156 ||   304
  Block: Other             |       |       |       |    15 ||    15
